TOP OF THE 1ST |
Norfolk Tides batting - Pitching for Charlotte Knights : RHP Don Henley
|
Pitching: RHP Don Henley
|
|
Batting: RHB Bobby Melillo
|
0-0: Called Strike 0-1: Ball 1-1: Ball 2-1: Fly out, F8 (Flyball, 8RM, EV 80.0 MPH)
|
Batting: LHB Brian Feher
|
0-0: SINGLE (Flyball, 56D, EV 87.5 MPH)
|
Batting: RHB Bobby Scholl
|
0-0: Foul Ball, location: 2F 0-1: Foul Ball, location: 2F 0-2: SINGLE (Groundball, 56S, EV 72.5 MPH) (infield hit) Brian Feher to second
|
Batting: RHB Mario Saez
|
0-0: Called Strike 0-1: Ball 1-1: Fly out, F6 (Line Drive, 6, EV 68.1 MPH) Lined into DP, 6-4 (Line Drive, 6, EV 70.0 MPH)
|
Top of the 1st over - 0 runs, 2 hits, 0 errors, 1 left on base; Norfolk 0 - Charlotte 0 |
BOTTOM OF THE 1ST |
Charlotte Knights batting - Pitching for Norfolk Tides : RHP Wayne Lammers
|
Pitching: RHP Wayne Lammers
|
|
Batting: RHB Jason Moss
|
0-0: Ball 1-0: Ball 2-0: Foul Ball, location: 2F 2-1: Ball 3-1: Foul Ball, location: 2F 3-2: Base on Balls
|
Batting: RHB Jon Solano
|
0-0: Ball 1-0: Foul Ball, location: 2F 1-1: Fly out, F3 (Popup, 3, EV 65.6 MPH)
|
Batting: LHB Carlos Ramirez
|
0-0: Ball 1-0: Foul Ball, location: 2F 1-1: Ball Jason Moss steals 2nd base 2-1: Called Strike 2-2: Ground out 5-3 (Groundball, 5, EV 89.4 MPH)
|
Batting: LHB Hirakito Herring
|
0-0: Foul Ball, location: 2F 0-1: DOUBLE (Line Drive, 7LS, EV 96.9 MPH) Jason Moss scores
|
Batting: LHB John Thurman
|
0-0: Ball 1-0: Ground out 5-3 (Groundball, 5S, EV 69.4 MPH)
|
Bottom of the 1st over - 1 run, 1 hit, 0 errors, 1 left on base; Norfolk 0 - Charlotte 1 |
TOP OF THE 2ND |
Norfolk Tides batting - Pitching for Charlotte Knights : RHP Don Henley
|
Batting: LHB Tyler Allen
|
0-0: Foul Ball, location: 2F 0-1: Foul Ball, location: 2F 0-2: Foul Ball, location: 2F 0-2: Ball 1-2: SOLO HOME RUN (Flyball, 7D, EV 98.1 MPH), Distance : 361 ft
|
Batting: LHB Pat Shaddock
|
0-0: Ball 1-0: Foul Ball, location: 2F 1-1: Ball 2-1: Fly out, F9 (Flyball, 9, EV 87.5 MPH)
|
Batting: RHB Ashton Holloway
|
0-0: Called Strike 0-1: Ground out 4-3 (Groundball, 4, EV 93.8 MPH)
|
Batting: LHB Jose Fierro
|
0-0: Swinging Strike 0-1: Called Strike 0-2: Foul Ball, location: 2F 0-2: Foul Ball, location: 2F 0-2: Foul Ball, location: 2F 0-2: Ball 1-2: Foul Ball, location: 2F 1-2: Ground out 6-3 (Groundball, 6MS, EV 78.8 MPH)
|
Top of the 2nd over - 1 run, 1 hit, 0 errors, 0 left on base; Norfolk 1 - Charlotte 1 |
BOTTOM OF THE 2ND |
Charlotte Knights batting - Pitching for Norfolk Tides : RHP Wayne Lammers
|
Batting: LHB Ricardo Pagan
|
0-0: Foul Ball, location: 2F 0-1: SINGLE (Groundball, 5S, EV 70.6 MPH) (infield hit)
|
Batting: RHB Kikuo Sato
|
0-0: Ball 1-0: Ball 2-0: Called Strike 2-1: Foul Ball, location: 2F 2-2: Strikes out swinging
|
Batting: RHB Nick Kleckner
|
0-0: Ball 1-0: Called Strike Ricardo Pagan is caught stealing 2nd base 2-4 1-1: Ball 2-1: Fly out, F9 (Flyball, 89M, EV 96.9 MPH)
|
Bottom of the 2nd over - 0 runs, 1 hit, 0 errors, 0 left on base; Norfolk 1 - Charlotte 1 |
TOP OF THE 3RD |
Norfolk Tides batting - Pitching for Charlotte Knights : RHP Don Henley
|
Batting: LHB James Betron
|
0-0: Ball 1-0: Called Strike 1-1: Called Strike 1-2: Ball 2-2: Strikes out swinging
|
Batting: RHB Bobby Melillo
|
0-0: Ball 1-0: Ground out 4-3 (Groundball, 4S, EV 76.2 MPH)
|
Batting: LHB Brian Feher
|
0-0: Foul Ball, location: 2F 0-1: Fly out, F6 (Popup, 6MD, EV 71.2 MPH)
|
Top of the 3rd over - 0 runs, 0 hits, 0 errors, 0 left on base; Norfolk 1 - Charlotte 1 |
BOTTOM OF THE 3RD |
Charlotte Knights batting - Pitching for Norfolk Tides : RHP Wayne Lammers
|
Batting: RHB Steve Waltenbery
|
0-0: Called Strike 0-1: Ball 1-1: Ball 2-1: Foul Ball, location: 2F 2-2: Ball 3-2: Foul Ball, location: 2F 3-2: Foul Ball, location: 2F 3-2: Strikes out swinging
|
Batting: RHB Jason Moss
|
0-0: Ball 1-0: Ball 2-0: Called Strike 2-1: Swinging Strike 2-2: Foul Ball, location: 2F 2-2: SINGLE (Groundball, 4M, EV 100.0 MPH) (infield hit)
|
Batting: RHB Jon Solano
|
0-0: Swinging Strike 0-1: Foul Ball, location: 2F 0-2: Strikes out swinging
|
Batting: LHB Carlos Ramirez
|
0-0: Ball 1-0: Ball 2-0: Ball 3-0: Base on Balls Jason Moss to second
|
Batting: LHB Hirakito Herring
|
0-0: Ball 1-0: SINGLE (Groundball, 34S, EV 68.1 MPH) (infield hit) Jason Moss to third Carlos Ramirez to second
|
Batting: LHB John Thurman
|
0-0: Ball 1-0: Ball 2-0: Foul Ball, location: 2F 2-1: Foul Ball, location: 2F 2-2: SINGLE (Groundball, 34S, EV 61.9 MPH) (infield hit) Jason Moss scores Carlos Ramirez to third Hirakito Herring to second
|
Batting: LHB Ricardo Pagan
|
0-0: Ball 1-0: Foul Ball, location: 2F 1-1: Called Strike 1-2: Foul Ball, location: 2F 1-2: Fly out, F9 (Flyball, 89M, EV 83.1 MPH)
|
Bottom of the 3rd over - 1 run, 3 hits, 0 errors, 3 left on base; Norfolk 1 - Charlotte 2 |
TOP OF THE 4TH |
Norfolk Tides batting - Pitching for Charlotte Knights : RHP Don Henley
|
Batting: RHB Bobby Scholl
|
0-0: SINGLE (Groundball, 25, EV 61.9 MPH) (infield hit)
|
Batting: RHB Mario Saez
|
0-0: Ball 1-0: Ball 2-0: Fielders Choice at 2nd, 5-4 (Groundball, 56S, EV 85.6 MPH)
|
Batting: LHB Tyler Allen
|
0-0: Swinging Strike 0-1: Ball 1-1: Ball 2-1: Called Strike 2-2: Foul Ball, location: 2F 2-2: SINGLE (Line Drive, 5L, EV 96.2 MPH) Mario Saez to second
|
Batting: LHB Pat Shaddock
|
0-0: Ball 1-0: Ball 2-0: Grounds into double play, 5-4-3 (Groundball, 5, EV 96.9 MPH)
|
Top of the 4th over - 0 runs, 2 hits, 0 errors, 1 left on base; Norfolk 1 - Charlotte 2 |
BOTTOM OF THE 4TH |
Charlotte Knights batting - Pitching for Norfolk Tides : RHP Wayne Lammers
|
Batting: RHB Kikuo Sato
|
0-0: Ball 1-0: Swinging Strike 1-1: Called Strike 1-2: Ball 2-2: Strikes out swinging
|
Batting: RHB Nick Kleckner
|
0-0: Ball 1-0: Foul Ball, location: 2F 1-1: Ground out 4-3 (Groundball, 4M, EV 103.1 MPH)
|
Batting: RHB Steve Waltenbery
|
0-0: Ball 1-0: Ball 2-0: Foul Ball, location: 2F 2-1: Ground out 6-3 (Groundball, 6S, EV 90.0 MPH)
|
Bottom of the 4th over - 0 runs, 0 hits, 0 errors, 0 left on base; Norfolk 1 - Charlotte 2 |
TOP OF THE 5TH |
Norfolk Tides batting - Pitching for Charlotte Knights : RHP Don Henley
|
Batting: RHB Ashton Holloway
|
0-0: SOLO HOME RUN (Flyball, 7D, EV 96.9 MPH), Distance : 377 ft
|
Batting: LHB Jose Fierro
|
0-0: Ball 1-0: Ball 2-0: Ball 3-0: Called Strike 3-1: Base on Balls
|
Batting: LHB James Betron
|
0-0: Ball 1-0: Fielders Choice at 2nd, U6 (Groundball, 4M, EV 75.6 MPH)
|
Batting: RHB Bobby Melillo
|
0-0: Ball 1-0: Called Strike 1-1: Ball 2-1: Foul Ball, location: 2F 2-2: SINGLE (Groundball, 56D, EV 95.0 MPH) James Betron to second
|
Batting: LHB Brian Feher
|
0-0: Ball 1-0: Ball 2-0: Ball 3-0: Base on Balls James Betron to third Bobby Melillo to second
|
Batting: RHB Bobby Scholl
|
0-0: Foul Ball, location: 2F 0-1: Swinging Strike 0-2: Ball 1-2: Ball 2-2: Ball 3-2: Foul Ball, location: 2F 3-2: Strikes out swinging
|
Batting: RHB Mario Saez
|
0-0: Swinging Strike 0-1: Ball 1-1: Foul Ball, location: 2F 1-2: Fly out, F6 (Line Drive, 6, EV 68.8 MPH)
|
Top of the 5th over - 1 run, 2 hits, 0 errors, 3 left on base; Norfolk 2 - Charlotte 2 |
BOTTOM OF THE 5TH |
Charlotte Knights batting - Pitching for Norfolk Tides : RHP Wayne Lammers
|
Batting: RHB Jason Moss
|
0-0: Foul Ball, location: 2F 0-1: Ball 1-1: Foul Ball, location: 2F 1-2: Ball 2-2: Foul Ball, location: 2F 2-2: Fly out, F8 (Flyball, 8RXD, EV 99.4 MPH)
|
Batting: RHB Jon Solano
|
0-0: Called Strike 0-1: Foul Ball, location: 2F 0-2: Strikes out looking
|
Batting: LHB Carlos Ramirez
|
0-0: SINGLE (Line Drive, 89S, EV 98.8 MPH)
|
Batting: LHB Hirakito Herring
|
0-0: Called Strike 0-1: Called Strike 0-2: Ball 1-2: Foul Ball, location: 2F 1-2: Fielders Choice at 2nd, 5-6 (Groundball, 6, EV 84.4 MPH)
|
Bottom of the 5th over - 0 runs, 1 hit, 0 errors, 1 left on base; Norfolk 2 - Charlotte 2 |
TOP OF THE 6TH |
Norfolk Tides batting - Pitching for Charlotte Knights : RHP Don Henley
|
Batting: LHB Tyler Allen
|
0-0: Ball 1-0: Ground out 6-3 (Groundball, P, EV 93.8 MPH)
|
Batting: LHB Pat Shaddock
|
0-0: Ball 1-0: Ball 2-0: Swinging Strike 2-1: Ball 3-1: Base on Balls
|
Batting: RHB Ashton Holloway
|
0-0: Called Strike 0-1: Swinging Strike 0-2: Grounds into double play, 6-4-3 (Groundball, 56, EV 104.4 MPH)
|
Top of the 6th over - 0 runs, 0 hits, 0 errors, 0 left on base; Norfolk 2 - Charlotte 2 |
BOTTOM OF THE 6TH |
Charlotte Knights batting - Pitching for Norfolk Tides : RHP Wayne Lammers
|
Batting: LHB John Thurman
|
0-0: Called Strike 0-1: Ball 1-1: Ground out 4-3 (Groundball, 4, EV 106.2 MPH)
|
Batting: LHB Ricardo Pagan
|
0-0: Foul Ball, location: 2F 0-1: Ball 1-1: Foul Ball, location: 2F 1-2: Strikes out looking
|
Batting: RHB Kikuo Sato
|
0-0: Ball 1-0: Swinging Strike 1-1: Ball 2-1: SOLO HOME RUN (Flyball, 7D, EV 97.5 MPH), Distance : 380 ft
|
Batting: RHB Nick Kleckner
|
0-0: Ball 1-0: Ground out 4-3 (Groundball, 34, EV 96.2 MPH)
|
Bottom of the 6th over - 1 run, 1 hit, 0 errors, 0 left on base; Norfolk 2 - Charlotte 3 |
TOP OF THE 7TH |
Norfolk Tides batting - Pitching for Charlotte Knights : RHP Don Henley
|
Batting: LHB Jose Fierro
|
0-0: Called Strike 0-1: Foul Ball, location: 2F 0-2: Foul Ball, location: 2F 0-2: Foul Ball, location: 2F 0-2: Ball 1-2: Ball 2-2: Foul Ball, location: 2F 2-2: Strikes out looking
|
Pitching: RHP Derrick Easley
|
|
Batting: LHB James Betron
|
0-0: Called Strike 0-1: Ball 1-1: Fly out, F7 (Flyball, 7LM, EV 88.8 MPH)
|
Batting: RHB Bobby Melillo
|
0-0: Ball 1-0: Swinging Strike 1-1: Swinging Strike 1-2: Ball 2-2: Ball 3-2: Fly out, F8 (Line Drive, 8LD, EV 90.0 MPH)
|
Top of the 7th over - 0 runs, 0 hits, 0 errors, 0 left on base; Norfolk 2 - Charlotte 3 |
BOTTOM OF THE 7TH |
Charlotte Knights batting - Pitching for Norfolk Tides : RHP Wayne Lammers
|
Pitching: LHP Angel Vidaurri
|
|
Batting: RHB Steve Waltenbery
|
0-0: Ball 1-0: Ball 2-0: Foul Ball, location: 2F 2-1: SINGLE (Groundball, 6MD, EV 97.5 MPH)
|
Batting: RHB Jason Moss
|
0-0: Ball Steve Waltenbery steals 2nd base (no throw) 1-0: Foul Ball, location: 2F 1-1: Called Strike 1-2: Ball 2-2: SINGLE (Groundball, 4MS, EV 63.1 MPH) (infield hit) Steve Waltenbery to third
|
Batting: RHB Jon Solano
|
0-0: Ground out 5-3 (Groundball, 56, EV 83.1 MPH) Jason Moss to second
|
Batting: LHB Carlos Ramirez
|
0-0: Intentional Walk
|
Batting: RHB Guillermo Mojica
|
0-0: Ball 1-0: SINGLE (Line Drive, 78S, EV 93.1 MPH) Steve Waltenbery scores Jason Moss to third Carlos Ramirez to second Runner from 3rd tries for Home, SAFE, throw by LF to home
|
Batting: LHB John Thurman
|
0-0: Called Strike 0-1: Ball 1-1: Ball 2-1: Fly out, F3 (Popup, 3SF, EV 82.5 MPH)
|
Batting: LHB Ricardo Pagan
|
0-0: Ball 1-0: Called Strike 1-1: Ball 2-1: Foul Ball, location: 2F 2-2: Foul Ball, location: 2F 2-2: Foul Ball, location: 2F 2-2: SINGLE (Groundball, 34D, EV 105.6 MPH) Carlos Ramirez to third Guillermo Mojica to second Runner from 3rd tries for Home, SAFE, throw by RF to home
|
Pitching: LHP John Schipper
|
|
Batting: RHB Kikuo Sato
|
0-0: Ball 1-0: Called Strike 1-1: Foul Ball, location: 2F 1-2: Ball 2-2: Foul Ball, location: 2F 2-2: DOUBLE (Line Drive, 9LM, EV 103.8 MPH) Guillermo Mojica scores Ricardo Pagan to third
|
Batting: RHB Nick Kleckner
|
0-0: Called Strike 0-1: Foul Ball, location: 2F 0-2: Fly out, F8 (Flyball, 78D, EV 83.1 MPH)
|
Bottom of the 7th over - 4 runs, 5 hits, 0 errors, 2 left on base; Norfolk 2 - Charlotte 7 |
TOP OF THE 8TH |
Norfolk Tides batting - Pitching for Charlotte Knights : RHP Derrick Easley
|
Batting: LHB Brian Feher
|
0-0: Called Strike 0-1: Ball 1-1: Fly out, F6 (Line Drive, 6, EV 71.2 MPH)
|
Batting: RHB Bobby Scholl
|
0-0: Ball 1-0: Called Strike 1-1: Ball 2-1: Ball 3-1: Called Strike 3-2: Strikes out looking
|
Batting: RHB Mario Saez
|
0-0: SINGLE (Groundball, 6MD, EV 103.8 MPH)
|
Batting: LHB Tyler Allen
|
0-0: Ball 1-0: Ground out 4-3 (Groundball, 4, EV 87.5 MPH)
|
Top of the 8th over - 0 runs, 1 hit, 0 errors, 1 left on base; Norfolk 2 - Charlotte 7 |
BOTTOM OF THE 8TH |
Charlotte Knights batting - Pitching for Norfolk Tides : LHP John Schipper
|
Batting: RHB Steve Waltenbery
|
0-0: Ball 1-0: Ball 2-0: Called Strike 2-1: Foul Ball, location: 2F 2-2: Strikes out swinging
|
Batting: RHB Jason Moss
|
0-0: Ball 1-0: Foul Ball, location: 2F 1-1: Called Strike 1-2: Ball 2-2: Foul Ball, location: 2F 2-2: Ball 3-2: Foul Ball, location: 2F 3-2: Foul Ball, location: 2F 3-2: Base on Balls
|
Batting: RHB Jon Solano
|
0-0: Foul Ball, location: 2F 0-1: Ball 1-1: Swinging Strike 1-2: Ball 2-2: Ball 3-2: Base on Balls Jason Moss to second
|
Batting: LHB Carlos Ramirez
|
0-0: Ball 1-0: Ball 2-0: Fly out, F7 (Flyball, 78M, EV 82.5 MPH) Runner from 2nd tags up, OUT at 3rd! 7-5
|
Bottom of the 8th over - 0 runs, 0 hits, 0 errors, 1 left on base; Norfolk 2 - Charlotte 7 |
TOP OF THE 9TH |
Norfolk Tides batting - Pitching for Charlotte Knights : RHP Derrick Easley
|
Batting: LHB Pat Shaddock
|
0-0: Ball 1-0: Ball 2-0: Ball 3-0: Called Strike 3-1: Swinging Strike 3-2: Base on Balls
|
Pitching: RHP Danny Murguia
|
|
Batting: RHB Ashton Holloway
|
|
Pinch Hitting: LHB Bob Melley
|
0-0: Ball 1-0: Called Strike 1-1: Ball 2-1: SINGLE (Line Drive, 56D, EV 98.1 MPH) Pat Shaddock to second
|
Batting: LHB Jose Fierro
|
0-0: Swinging Strike 0-1: Fly out, F9 (Flyball, 9LS, EV 83.8 MPH)
|
Batting: LHB James Betron
|
0-0: Ball 1-0: Ball 2-0: SINGLE (Line Drive, 9S, EV 91.2 MPH) Pat Shaddock to third Bob Melley to second
|
Batting: RHB Bobby Melillo
|
0-0: Called Strike 0-1: Grounds into double play, 5-4-3 (Groundball, 56, EV 105.6 MPH)
|
Top of the 9th over - 0 runs, 2 hits, 0 errors, 2 left on base; Norfolk 2 - Charlotte 7 |
|